Map: Central Protocol

Players

JHova

  • Race: Terran Terran
  • League: Master

Miszu - Winner!

  • Race: Terran Terran
  • League: Master

VOD

Have the link to the VOD?

Description

Time

  • Played on: March 10, 2016, 4:59 p.m.
  • Length: 13:33
Show
View Real Time Build Order
Export as new Build Order

JHova Terran 

Build Orders: Reaper Expand, Bio Tank 

Get SALT Encoding   

  12  0:01  SCV  
  13  0:13  SCV  
  14  0:17  Supply Depot  
  14  0:25  SCV  
  15  0:38  SCV  
  15  0:40  Barracks  
  16  0:44  Refinery  
  16  0:50  SCV  
  17  1:02  SCV  
  18  1:15  SCV  
  19  1:27  Reaper, Orbital Command  
  20  1:47  Command Center  
  20  1:52  SCV  
  21  1:56  Supply Depot  
  21  2:00  Reaper  
  22  2:04  SCV  
  23  2:09  Refinery  
  23  2:17  SCV  
  24  2:25  Factory  
  24  2:30  SCV  
  24  2:36  Marine  
  25  2:42  SCV  
  26  2:48  Supply Depot  
  26  2:53  Marine  
  26  2:54  SCV  
  28  2:59  Orbital Command  
  28  3:06  SCV  
  28  3:11  Starport, Factory Tech Lab  
  29  3:13  Marine  
  29  3:18  SCV  
  31  3:23  Engineering Bay  
  31  3:25  SCV  
  32  3:30  SCV  
  32  3:31  Marine, Siege Tank  
  37  3:37  SCV  
  36  3:42  SCV  
  32  3:49  Marine  
  32  3:54  Medivac  
  33  3:59  SCV x2  
  26  4:07  Marine  
  23  4:19  SCV x2  
  25  4:24  Marine  
  25  4:31  SCV x2  
  28  4:39  Cloaking Field  
  28  4:42  Marine  
  28  4:43  SCV x2  
  31  4:47  Banshee  
  34  4:55  Factory Tech Lab, SCV  
  35  5:05  SCV  
  35  5:07  Barracks Reactor  
  35  5:08  SCV  
  35  5:13  Barracks  
  36  5:17  SCV  
  36  5:19  Barracks  
  36  5:21  SCV  
  38  5:29  SCV  
  38  5:33  SCV, Banshee  
  43  5:36  Supply Depot  
  43  5:39  Refinery  
  43  5:41  SCV  
  44  5:44  Marine x2  
  44  5:45  SCV  
  47  5:53  SCV  
  48  5:57  SCV  
  46  6:05  SCV  
  46  6:06  Marine, Barracks Tech Lab  
  46  6:07  Marine, Barracks Tech Lab  
  46  6:09  SCV  
  50  6:14  Siege Tank  
  50  6:17  SCV  
  54  6:20  Supply Depot  
  54  6:21  SCV  
  54  6:24  Marine x2  
  57  6:25  Marine  
  57  6:27  Stimpack  
  57  6:29  Marine  
  57  6:30  SCV  
  60  6:33  SCV  
  60  6:34  Refinery  
  61  6:40  Starport Reactor, Supply Depot  
  61  6:42  Marine x2, SCV  
  61  6:43  Marine  
  61  6:45  SCV  
  66  6:47  Marine  
  66  6:54  SCV  
  68  7:00  Marine  
  63  7:09  Marine x3  
  63  7:10  Siege Tank  
  63  7:11  SCV x2  
  67  7:18  Marine  
  67  7:21  Medivac x2  
  72  7:23  SCV x2  
  72  7:25  Command Center  
  72  7:27  Marine x3  
  72  7:28  Combat Shields  
  77  7:35  Marine  
  78  7:46  Barracks x2  
  78  7:50  Marine x3, Siege Tank  
  84  7:51  Supply Depot  
  84  7:53  Marine  
  84  7:54  Supply Depot  
  84  7:58  Medivac  
  85  8:07  Marine  
  86  8:13  Marine x3, Medivac  
  86  8:25  Marine  
  86  8:26  Siege Tank  
  87  8:28  Medivac  
  87  8:30  Marine x3  
  87  8:36  SCV x2  
  87  8:38  Marine, Orbital Command  
  87  8:39  Marine  
  83  8:43  Marine  
  82  8:48  Marine x2  
  83  8:56  Marine x3  
  83  8:57  Medivac  
  83  8:58  Siege Tank  
  83  9:01  Marine  
  85  9:06  Marine x2  
  82  9:14  Marine x3  
  82  9:16  Medivac  
  87  9:19  Marine  
  87  9:24  Marine x2  
  87  9:31  Marine, Siege Tank  
  92  9:32  Marine x2  
  92  9:37  Marine  
  88  9:39  Medivac  
  88  9:42  Marine x2  
  91  9:49  Marine  
  91  9:50  Marine x2  
  94  9:54  Marine  
  94  9:59  Marine x2  
  70  10:03  Siege Tank  
  69  10:07  Marine x2  
  69  10:08  Marine  
  69  10:10  SCV  
  69  10:12  Marine  
  74  10:16  Medivac  
  74  10:17  Marine x2  
  78  10:25  Marine x2  
  78  10:26  Marine  
  77  10:30  Marine, Medivac  
  77  10:32  SCV  
  77  10:35  Marine x2, Siege Tank  
  78  10:43  Marine x2  
  78  10:44  Marine  
  78  10:48  Marine  
  76  10:53  Marine x2  
  76  11:00  Marine  
  76  11:01  Marine  
  76  11:02  Marine  
  65  11:06  Marine  
  65  11:11  Marine x2  
  68  11:16  Medivac x2  
  68  11:17  Orbital Command  
  72  11:18  Marine  
  72  11:19  Marine x2  
  72  11:20  Siege Tank  
  72  11:24  Marine  
  79  11:28  Marine  
  79  11:29  Marine  
  81  11:36  Marine  
  81  11:37  Marine x2  
  81  11:38  SCV x2  
  86  11:42  Marine  
  86  11:46  Marine x2  
  89  11:47  SCV  
  89  11:48  Sensor Tower  
  89  11:50  SCV x2  
  92  11:54  Marine  
  86  12:11  Marine x4  
  86  12:12  Marine  
  85  12:26  SCV x3  
  86  12:38  Marine, SCV x3  
  86  12:39  Marine x3  
  93  12:50  SCV  
  91  12:56  Marine  
  92  13:01  Marine x3  
  92  13:03  SCV x2  
  83  13:14  Marine  
Show
View Real Time Build Order
Export as new Build Order

Miszu Terran - Winner!

Build Orders: MMM Bio 

Get SALT Encoding   

  12  0:00  SCV  
  13  0:12  SCV  
  14  0:18  Supply Depot  
  14  0:25  SCV  
  14  0:28  Refinery  
  15  0:39  SCV  
  16  0:45  Barracks  
  16  0:52  SCV  
  16  0:55  Refinery  
  17  1:04  SCV  
  18  1:13  Supply Depot  
  18  1:16  SCV  
  19  1:32  Orbital Command  
  19  1:37  Reaper  
  20  1:46  Factory  
  20  1:58  SCV  
  21  2:10  Supply Depot, Reaper  
  21  2:11  SCV  
  23  2:31  Starport, Hellion  
  23  2:33  SCV  
  26  2:42  Reaper  
  27  2:45  SCV  
  28  2:53  Hellion  
  28  2:57  SCV  
  31  3:18  Command Center  
  31  3:20  Barracks Reactor, Factory Tech Lab  
  31  3:21  Starport Reactor  
  31  3:25  SCV  
  32  4:00  SCV  
  33  4:12  SCV  
  28  4:17  Marine x2  
  28  4:23  Siege Tank  
  32  4:24  SCV  
  32  4:27  Barracks  
  32  4:28  Barracks  
  32  4:29  Viking  
  32  4:30  Viking  
  37  4:32  Orbital Command  
  37  4:36  SCV  
  37  4:37  Marine x2  
  40  4:48  SCV  
  37  4:55  Marine  
  37  4:57  Siege Tank  
  40  5:00  SCV  
  40  5:03  SCV  
  42  5:08  Marine  
  42  5:12  Marine  
  42  5:13  Medivac, SCV  
  47  5:15  SCV  
  48  5:25  SCV  
  48  5:26  Marine  
  48  5:27  SCV  
  51  5:32  Supply Depot, Marine  
  51  5:33  Supply Depot, Barracks Tech Lab x2  
  52  5:37  SCV  
  52  5:39  SCV  
  54  5:48  Engineering Bay  
  54  5:54  Siege Tank, Stimpack, SCV x2  
  57  6:06  SCV x2  
  57  6:10  Marine  
  57  6:11  Marine, Combat Shields  
  61  6:15  Refinery  
  61  6:18  SCV x2  
  61  6:19  Medivac  
  65  6:28  Terran Infantry Weapons Level 1, Missile Turret  
  65  6:30  SCV x2, Missile Turret  
  65  6:32  Refinery  
  67  6:33  Marine x2  
  70  6:42  Supply Depot  
  70  6:45  Supply Depot, SCV  
  70  6:48  SCV  
  68  6:57  SCV  
  68  7:00  SCV  
  68  7:09  Marine x2  
  74  7:22  Reaper, SCV x2  
  74  7:26  Barracks  
  74  7:27  Marine  
  74  7:28  Barracks, Siege Tank  
  78  7:33  Medivac  
  78  7:35  SCV x2  
  81  7:37  Marine  
  81  7:43  Supply Depot  
  82  7:46  Marine x2  
  82  7:47  SCV x2  
  86  7:55  Marine x2  
  88  7:59  SCV x2  
  88  8:04  Marine x2  
  81  8:21  Marine x4  
  81  8:22  Marine x2  
  81  8:24  Hellion  
  88  8:38  Marine  
  88  8:39  Marine x3  
  88  8:40  Marine x2  
  92  8:45  Siege Tank  
  89  8:56  Marine  
  89  8:57  Marine x4  
  89  8:58  Marine  
  95  9:12  Medivac x2  
  95  9:14  Marine  
  95  9:15  Marine x2  
  95  9:16  Command Center  
  102  9:17  Supply Depot x2  
  102  9:23  Marine  
  102  9:24  Marine  
  102  9:25  Marine  
  102  9:31  Siege Tank  
  102  9:32  Marine x2  
  102  9:34  Marine  
  102  9:40  SCV  
  102  9:41  Marine  
  102  9:42  Marine x2  
  106  9:46  Medivac x2  
  106  9:50  Marine x2  
  106  9:52  Marine  
  112  9:59  Marine  
  107  10:00  Marine, Marauder  
  107  10:03  Siege Tank  
  95  10:07  Marine  
  95  10:08  Marine  
  95  10:10  Marine, SCV x2  
  98  10:17  Marine  
  98  10:18  Marine  
  98  10:21  Marine  
  99  10:22  SCV x2  
  99  10:25  Marine  
  99  10:26  Marine  
  99  10:28  Marine  
  105  10:35  Marine  
  106  10:36  Marine  
  106  10:39  Marine  
  105  10:43  Marine  
  105  10:44  Marine  
  105  10:46  Marine, SCV  
  93  10:57  Marine x3  
  93  11:01  Marine x2  
  93  11:03  Marine  
  89  11:07  Siege Tank  
  91  11:15  Marine x3  
  91  11:17  Medivac  
  89  11:19  Marine  
  92  11:26  Barracks Reactor x2  
  92  11:32  Marine  
  90  11:33  Marine x2  
  90  11:37  Marine  
  90  11:39  Siege Tank  
  97  11:41  Refinery  
  97  11:45  Refinery  
  97  11:48  Medivac  
  97  11:49  Sensor Tower  
  97  11:50  Marine  
  97  11:51  Marine x2  
  102  11:54  Marine  
  103  12:03  Marine  
  103  12:06  Marine  
  103  12:08  Marine  
  103  12:09  Marine x3  
  103  12:12  Marine x2  
  103  12:14  Hellion  
  111  12:20  Medivac  
  111  12:21  Marine  
  114  12:23  Marine  
  114  12:26  Marine x3  
  114  12:27  Marine  
  118  12:30  Marine x2  
  118  12:35  Planetary Fortress  
  120  12:39  Marine  
  120  12:41  Marine  
  120  12:44  Marine x3  
  125  12:56  Marine x3  
  125  12:57  Marine  
  129  12:59  Marine  
  129  13:01  Siege Tank  
  133  13:08  Marine x3  
  131  13:13  Marine  
  131  13:14  Marine  
Tags
 
Add a new tag
Caveats
  • Supply blocks, unpowered buildings, or Contaminate may cause inaccurate times.
  • Supply counts are checked every 10 seconds.